 Dungeon Crawl Stone Soup version 0.27-a0-1202-ge72e49191c (webtiles) character file.

Game seed: 17162255723224131849

13707 Morbidden the Thaumaturge (level 11, -5/121 HPs)
             Began as a Demonspawn Brigand on June 4, 2021.
             Was a High Priest of Cheibriados.
             Slain by a centaur warrior
             ... wielding a +0 glaive
              (16 damage)
             ... on level 11 of the Dungeon.
             The game lasted 00:27:10 (12423 turns).

Morbidden the Thaumaturge (Demonspawn Brigand)     Turns: 12423, Time: 00:27:11

Health: -5/121     AC: 25    Str: 22    XL:     11   Next: 79%
Magic:  41/41      EV:  2    Int: 26    God:    Cheibriados [*****.]
Gold:   1036       SH:  6    Dex: 29    Spells: 10/26 levels left

rFire    . . .     SeeInvis .   a - +4 dagger (elec)
rCold    . . .     Faith    .   J - +0 buckler
rNeg     + + +     Spirit   .   (armour currently unavailable)
rPois    +         Reflect  .   (helmet currently unavailable)
rElec    .         Harm     .   (cloak currently unavailable)
rCorr    .         Rampage  .   (gloves currently unavailable)
Will     .....     NoTele   +   (boots currently unavailable)
Stlth    +++++.....             (no amulet)
HPRegen  0.30/turn              b - ring of magical power
MPRegen  0.27/turn              s - ring of magical power

@: tree-form, very slow
A: stationary, stasis, torment immunity, boosted hp, (horns 1), thin skeletal
structure 1, foul stench 2, (spiny 3), augmentation 1, (hooves 1), (shaggy fur
1), wild magic 1, evolution 1
a: Renounce Religion, Bend Time, Temporal Distortion, Slouch, Step From Time


You were on level 11 of the Dungeon.
You worshipped Cheibriados.
Cheibriados was extremely pleased with you.
You were a tree.
You visited 2 branches of the dungeon, and saw 12 of its levels.
You also visited: Bailey.

You collected 1412 gold pieces.
You spent 376 gold pieces at shops.

Inventory:

Hand Weapons
 a - a +4 dagger of electrocution (weapon)
 G - a +0 scimitar of flaming
Missiles
 d - 49 poisoned darts (quivered)
 e - 2 curare-tipped darts
 l - 5 javelins
 n - 2 throwing nets
 y - 76 boomerangs
Armour
 c - a +0 cloak (melded)
 g - a +2 chain mail of poison resistance (melded)
 j - a +2 pair of gloves (melded)
 o - a +2 robe of cold resistance
 E - a +0 pair of boots
 H - a +0 tower shield
 J - a +0 buckler (worn)
Jewellery
 b - a ring of magical power (left branch)
 s - a ring of magical power (right branch)
 v - a ring of fire
 F - a +4 ring of protection
Wands
 i - a wand of iceblast (9)
 C - a wand of paralysis (18)
 I - a wand of digging (12)
Scrolls
 h - a scroll of fog
 k - a scroll of enchant armour
 u - 3 scrolls of magic mapping
 x - 2 scrolls of identify
 B - 2 scrolls of teleportation
Potions
 m - a potion of magic {unknown}
 p - 2 potions of attraction
 q - a potion of mutation
 r - 2 potions of degeneration {unknown}
 t - 2 potions of might {unknown}
 w - a potion of lignification
 z - 2 potions of ambrosia
 D - a potion of invisibility


   Skills:
 * Level 6.2 Fighting
 + Level 4.3(5.9) Short Blades
 * Level 6.0(6.7) Long Blades
 + Level 3.4 Throwing
 * Level 7.0 Dodging
 + Level 5.7 Stealth
 + Level 1.2 Shields
 * Level 8.1 Spellcasting
 * Level 5.6 Conjurations
 + Level 4.4 Necromancy
 * Level 4.6 Translocations
 * Level 3.9 Transmutations
 + Level 0.1 Evocations


You had 10 spell levels left.
You knew the following spells:

 Your Spells              Type           Power      Damage    Failure   Level
a - Magic Dart            Conj           100%       1d8       1%          1
b - Searing Ray           Conj           100%       3d7       2%          2
e - Pain                  Necr           100%       1d9       2%          1
f - Irradiate             Conj/Tmut      22%        3d20      38%         5
x - Vampiric Draining     Necr           21%        2d9       6%          3
z - Iskenderun's Mystic   Conj/Tloc      48%        2d11      14%         4

Your spell library contained the following spells:

 Spells                   Type           Power      Damage    Failure   Level
 Animate Skeleton         Necr           86%        N/A       2%          1
 Apportation              Tloc           90%        N/A       2%          1
 Corona                   Hex            14%        N/A       12%         1
 Summon Small Mammal      Summ           52%        N/A       12%         1
 Dazzling Flash           Conj/Hex       64%        N/A       12%         3
 Animate Dead             Necr           21%        N/A       19%         4
 Fulminant Prism          Conj/Hex       16%        3d11      32%         4
 Agony                    Necr           43%        N/A       43%         5
 Blade Hands              Tmut           20%        N/A       96%         6
 Statue Form              Tmut/Erth      17%        N/A       100%        6
 Dragon Form              Tmut           20%        N/A       100%        7


Dungeon Overview and Level Annotations

Branches:
Dungeon (11/15)            Temple (1/1) D:7            Lair (0/6) D:8
    Orc (0/2) D:9          Bailey (visited)

Altars:
Ashenzari
Cheibriados
Dithmenos
Elyvilon
Fedhas
Gozag
Hepliaklqana
Kikubaaqudgha
Makhleb
Nemelex Xobeh
Okawaru
Qazlal
Ru
Sif Muna
Trog
Uskayaw
Vehumet
Wu Jian
Xom
Yredelemnul
Zin
The Shining One

Shops:
D:7 (   D:8 ?

Annotations:
D:6 2 transporters


Innate Abilities, Weirdness & Mutations

You are a tree.
Your roots penetrate the ground, keeping you stationary.
You cannot be teleported.
You are immune to unholy pain and torment.
Your maximum health is greatly increased.
Your equipment is partially melded.
((You have a pair of small horns on your head.))
You have a somewhat thin skeletal structure. (Dex +2, Stealth+)
You sometimes emit foul miasma when damaged in melee.
((You are completely covered in sharp spines.))
Your magical and physical power is slightly enhanced at high health.
((You have large cloven feet.))
((You are covered in fur. (AC +1)))
Your spells are a little harder to cast, but a little more powerful.
You evolve.


Message History

The centaur warrior hits you with a +0 glaive.
* * * LOW HITPOINT WARNING * * *
The centaur warrior kicks you but does no damage.
Unknown command.
Unknown command.
You feel better.
You feel less invigorated.
The centaur warrior hits you with a +0 glaive!
* * * LOW HITPOINT WARNING * * *
You emit a cloud of foul miasma!
The centaur warrior kicks you.
* * * LOW HITPOINT WARNING * * *
The centaur warrior is engulfed in dark miasma.
The centaur warrior is poisoned.
The centaur warrior hits you with a +0 glaive.
* * * LOW HITPOINT WARNING * * *
You block the centaur warrior's attack.
Unknown command.
Unknown command.
Unknown command.
Unknown command.
Unknown command.
You feel better.
The centaur warrior is engulfed in dark miasma.
The centaur warrior looks even sicker.
You block the centaur warrior's attack. x2
Unknown command.
Unknown command.
Unknown command.
Unknown command.
Unknown command.
Unknown command.
You feel better.
The centaur warrior is engulfed in dark miasma.
The centaur warrior looks even sicker.
The centaur warrior seems to slow down.
The centaur warrior hits you with a +0 glaive.
* * * LOW HITPOINT WARNING * * *
The centaur warrior kicks you but does no damage.
The centaur warrior is engulfed in dark miasma.
The centaur warrior looks as sick as possible!
The centaur warrior seems to slow down.
The centaur warrior hits you with a +0 glaive!
You die...

.....[[.[...#......#.#.#.#.#.....
......).[>(.#.#.#.#.#.#.#.#.#.⌠
###..######........#.#.#.#.#...
#..# #.#).#..#.#.#.#.#.#.⌠ #..#
##.#......#.#.#.#.#.... #..#
##..##....§#.#.#.#.#.#..# #..#
#..##...#§§§#§#.#.#.#..# #..#
#.##..##c##§§#.#.#.#..#. #..#
#.#..##..♣##§§#.(.#..#.. #..#
#.#...#...#§§§).....#..#.#
#..###....##...##..§...[#..#.[.
#......#...#...#......(..#..#.#
.........#..##.(.##..#..[#..#..#.
########.##..##(##..#.....#..#...
#..##..)#...#.......#..#
##..##..$..#.........#..#.
##.##...#...............


You could see a centaur warrior (extremely poisoned, slow).

Vanquished Creatures
  A boulder beetle (D:11)
  2 hydras (D:11)
  A manticore (D:9)
  An ugly thing (D:11)
  A cyclops (D:11)
  A gargoyle (D:11)
  An efreet (D:11)
  A hornet (D:7)
  A meliai zombie (D:10)
  A shadow (D:11)
  A wraith (D:10)
  2 wyverns (D:7)
  15 yaks
  3 water moccasins
  An acid dragon (D:8)
  A hornet zombie (D:5)
  A sky beast (D:6)
  11 orc warriors
  An ice beast (D:8)
  A black bear (D:5)
  An ogre (D:5)
  A necrophage (D:6)
  11 centaurs
  A phantom (D:6)
  Blork the orc (D:6)
  6 kobold brigands
  A wyvern zombie (D:8)
  A scorpion (D:7)
  A water moccasin zombie (D:6)
  5 killer bees
  2 water moccasin skeletons (D:5)
  4 wights (D:8)
  3 howler monkeys
  5 centaur zombies
  3 bullfrog skeletons
  2 gnoll shamans
  2 hounds (D:5)
  3 jellies
  A centaur skeleton (D:7)
  5 orc priests
  Terence (D:3)
  Jessica (D:3)
  2 iguanas (D:5)
  17 orc wizards
  A killer bee zombie (D:7)
  A hound skeleton (D:4)
  A howler monkey zombie (D:5)
  6 adders
  7 gnolls
  A shadow imp (D:4)
  2 white imps
  An ufetubus (D:6)
  3 worms
  2 dart slugs
  39 orcs
  3 ball pythons
  6 endoplasms
  6 giant cockroaches
  13 goblins
  4 hobgoblins
  14 jackals
  48 kobolds
  3 quokkas
  6 bats
  4 frilled lizards
  5 rats
304 creatures vanquished.

Notes
Turn   | Place    | Note
-------+----------+-------------------------------------------
     0 | D:1      | Morbidden the Demonspawn Brigand began the quest for the
                  | Orb.
     0 | D:1      | Reached XP level 1. HP: 16/16 MP: 1/1
   138 | D:1      | Gained mutation: You may rarely emit foul miasma when
                  | damaged in melee. [demonic ancestry]
   138 | D:1      | Reached XP level 2. HP: 9/22 MP: 2/2
   548 | D:1      | Reached skill level 1 in Dodging
   890 | D:1      | Found a faded altar of an unknown god.
   944 | D:1      | Reached XP level 3. HP: 24/27 MP: 3/3
  1417 | D:2      | Reached skill level 1 in Long Blades
  2219 | D:3      | Noticed Terence
  2227 | D:3      | Found an ornate altar of the Wu Jian Council.
  2232 | D:3      | Killed Terence
  2233 | D:3      | Gained mutation: You are partially covered in sharp spines.
                  | [demonic ancestry]
  2233 | D:3      | Reached XP level 4. HP: 31/34 MP: 4/4
  2340 | D:3      | Noticed Jessica
  2343 | D:3      | Killed Jessica
  2528 | D:3      | Found a bloodstained altar of Trog.
  2728 | D:3      | Gained mutation: You are mostly covered in sharp spines.
                  | [demonic ancestry]
  2728 | D:3      | Reached XP level 5. HP: 39/39 MP: 5/5
  3330 | D:4      | Learned a level 1 spell: Pain
  3494 | D:4      | Reached XP level 6. HP: 34/46 MP: 6/6
  3677 | D:4      | Learned a level 2 spell: Searing Ray
  4122 | D:5      | Entered Level 5 of the Dungeon
  4122 | D:5      | Found a basalt altar of Yredelemnul.
  4244 | D:5      | Reached skill level 1 in Necromancy
  4307 | D:4      | Reached skill level 1 in Spellcasting
  4669 | D:5      | Gained mutation: You sometimes emit foul miasma when
                  | damaged in melee. [demonic ancestry]
  4669 | D:5      | Reached XP level 7. HP: 45/52 MP: 9/9
  4815 | D:5      | Reached skill level 2 in Spellcasting
  4815 | D:5      | Reached skill level 1 in Conjurations
  5147 | D:5      | Learned a level 3 spell: Vampiric Draining
  5215 | D:5      | Found a stormy altar of Qazlal.
  5381 | D:5      | Gained mutation: You have a somewhat thin skeletal
                  | structure. (Dex +2, Stealth+) [demonic ancestry]
  5381 | D:5      | Reached XP level 8. HP: 33/58 MP: 12/12
  5383 | D:5      | Reached skill level 3 in Spellcasting
  5617 | D:6      | Learned a level 4 spell: Iskenderun's Mystic Blast
  5619 | D:6      | Found a transporter.
  5702 | D:6      | Noticed a kobold demonologist
  5733 | D:6      | Noticed Blork the orc
  5743 | D:6      | Killed Blork the orc
  5974 | D:6      | Reached skill level 1 in Translocations
  6264 | D:5      | Reached skill level 4 in Spellcasting
  6428 | D:6      | Found a transporter.
  6541 | D:7      | Found a hide-covered altar of Uskayaw.
  6563 | D:7      | Gained mutation: You have large cloven feet. [potion of
                  | mutation]
  6563 | D:7      | Gained mutation: You evolve. [potion of mutation]
  6600 | D:7      | Gained mutation: You have a pair of small horns on your
                  | head. [demonic ancestry]
  6600 | D:7      | Reached XP level 9. HP: 19/65 MP: 7/16
  6602 | D:7      | Reached skill level 5 in Spellcasting
  6618 | D:7      | Found a flagged portal.
  6636 | D:7      | Found an ancient bone altar of Kikubaaqudgha.
  6667 | D:7      | Found Izuk's Weapon Shop.
  6712 | D:7      | Found a staircase to the Ecumenical Temple.
  6717 | Temple   | Entered the Ecumenical Temple
  6749 | Temple   | Became a worshipper of Cheibriados the Contemplative
  6795 | Bailey   | Entered a bailey
  7207 | Bailey   | Reached * piety under Cheibriados
  7267 | Bailey   | Reached skill level 6 in Spellcasting
  7539 | D:7      | Learned a level 1 spell: Magic Dart
  7545 | D:7      | Learned a level 5 spell: Irradiate
  7753 | D:7      | Gained mutation: Your spells are a little harder to cast,
                  | but a little more powerful. [evolution]
  8107 | D:8      | Found a staircase to the Lair.
  8159 | D:8      | Reached ** piety under Cheibriados
  8222 | D:8      | Reached skill level 5 in Dodging
  8321 | D:8      | Gained mutation: You are completely covered in sharp
                  | spines. [demonic ancestry]
  8321 | D:8      | Reached XP level 10. HP: 70/73 MP: 20/20
  8503 | D:8      | Reached skill level 5 in Stealth
  8907 | D:8      | Reached skill level 5 in Fighting
  8958 | D:8      | Found Defoqyl's Magic Scroll Emporium.
  8961 | D:8      | Bought a scroll of blinking for 120 gold pieces
  8961 | D:8      | Bought a scroll of teleportation for 48 gold pieces
  8961 | D:8      | Bought a scroll of magic mapping for 56 gold pieces
  8961 | D:8      | Bought a scroll of magic mapping for 56 gold pieces
  8961 | D:8      | Bought a scroll of teleportation for 48 gold pieces
  8961 | D:8      | Bought a scroll of teleportation for 48 gold pieces
  9282 | D:9      | Reached skill level 7 in Spellcasting
  9282 | D:9      | Reached skill level 1 in Transmutations
  9294 | D:9      | Reached *** piety under Cheibriados
  9351 | D:9      | Noticed a manticore
  9364 | D:9      | Killed a manticore
  9833 | D:9      | Found a staircase to the Orcish Mines.
 10031 | D:9      | Reached skill level 5 in Long Blades
 10311 | D:9      | Reached **** piety under Cheibriados
 10382 | D:9      | Gained mutation: You are covered in fur. (AC +1)
                  | [evolution]
 10539 | D:10     | Entered Level 10 of the Dungeon
 10749 | D:10     | Gained mutation: Your magical and physical power is
                  | slightly enhanced at high health. [demonic ancestry]
 10749 | D:10     | Reached XP level 11. HP: 47/80 MP: 22/22
 11130 | D:10     | Found a burning altar of Makhleb.
 11416 | D:11     | Noticed a four-headed hydra
 11428 | D:11     | Killed a four-headed hydra
 11452 | D:11     | Reached skill level 5 in Conjurations
 11900 | D:11     | Noticed a seven-headed hydra
 11909 | D:11     | Reached ***** piety under Cheibriados
 11911 | D:11     | Killed a seven-headed hydra
 11918 | D:11     | Reached skill level 1 in Shields
 11922 | D:11     | Noticed a red ugly thing
 12302 | D:11     | Noticed a centaur warrior
 12305 | D:11     | Noticed a boulder beetle
 12318 | D:11     | Killed a boulder beetle
 12319 | D:11     | Reached skill level 8 in Spellcasting
 12337 | D:11     | Killed a red ugly thing
 12419 | D:11     | HP: 6/121 [centaur warrior/+0 glaive (6)]
 12421 | D:11     | HP: 2/121 [centaur warrior/+0 glaive (1)]
 12423 | D:11     | Slain by a centaur warrior

Illustrated notes

Levels and vault maps discovered:
D:1:      minmay_arrival_cross, layout_basic, ebering_ecumenical_altar_webs
D:2:      layout_loops_ring, chequers_serial_rivers_micro_c,
          hangedman_abyss_or_decor_stabs
D:3:      layout_basic, pdpol_wu_jian_five_deadly_venoms, bloody_trog,
          uniq_terence, uniq_jessica
D:4:      layout_loops_ring, minmay_misc_feat_encased, skrybe_limestone_x,
          minmay_a_box_with_orc_wizards_in_it
D:5:      minmay_opposing_rooms, layout_rooms, lemuel_coloured_pillars_altar,
          yredelemnul_altar_generic, nicolae_overflow_hidden_temple
D:6:      gammafunk_wand_slinger, layout_gridville, hangedman_minor_gate_pass,
          uniq_blork_the_orc
D:7:      layout_basic, lemuel_crystal_altar, nicolae_overflow_crystal_walls,
          general_overflow_altar, temple_statues, serial_shops, shop,
          enter_bailey_2, st_stairs_12
D:8:      layout_basic, dpeg_oklobed_lair, serial_shops, kennysheep_mini_moat,
          minmay_quadrilaterals
D:9:      layout_loops_corners, hiddenorc1_lemuel
D:10:     layout_loops_ring, lemuel_crystal_altar, grunt_ministairs_13
D:11:     minmay_the_grid_octo_tiled_squarecenter_mashed
          [minmay_the_grid_octo_thin_diamonds, minmay_the_grid_octo_empty,
          minmay_the_grid_octo_chip, minmay_the_grid_octo_checkered,
          minmay_the_grid_square_5x5_megaprize_hollow,
          minmay_the_grid_square_5x5_six_small, minmay_the_grid_square_5x5_n,
          minmay_the_grid_square_5x5_shrine1,
          minmay_the_grid_square_5x5_three_walls], layout_long_grid
Temple:   nicolae_temple_x_marks_the_god

Skill      XL: |  1  2  3  4  5  6  7  8  9 10 11 |
---------------+----------------------------------+-----
Short Blades   | 2 3 4 |  4.3
Dodging        | 1 2 3 4 5 6 7 |  7.0
Stealth        | 4 5 |  5.7
Throwing       | 2 3 |  3.4
Long Blades    | 1 2 3 4 5 6 |  6.0
Necromancy     | 1 2 3 4 |  4.4
Spellcasting   | 1 2 4 6 7 8 |  8.1
Fighting       | 3 4 5 6 |  6.2
Conjurations   | 1 2 3 4 5 |  5.6
Translocations | 1 3 4 |  4.6
Transmutations | 2 3 |  3.9
Shields        | 1 |  1.2
Evocations     | |  0.1

Action                   |  1- 3 |  4- 6 |  7- 9 | 10-12 || total
-------------------------+-------+-------+-------+-------++-------
Melee: Dagger            |   151 |    87 |    62 |   123 ||   423
       Kick              |       |       |    13 |    60 ||    73
       Headbutt          |       |       |     4 |    43 ||    47
Throw: Dart              |    21 |     9 |    34 |    14 ||    78
       Javelin           |     1 |       |       |       ||     1
       Boomerang         |       |       |     9 |       ||     9
 Cast: Pain              |       |    12 |    52 |       ||    64
       Searing Ray       |       |     6 |    52 |    16 ||    74
       Vampiric Draining |       |       |    17 |       ||    17
       Magic Dart        |       |       |    15 |    24 ||    39
       Iskenderun's Myst |       |       |       |    13 ||    13
Evoke: Wand              |       |       |       |     4 ||     4
  Use: Scroll            |       |       |    15 |     5 ||    20
       Potion            |       |       |     7 |     9 ||    16
 Stab: Sleeping          |    12 |     6 |     1 |     8 ||    27
Armor: Robe              |    37 |    33 |    35 |    49 ||   154
       Skin              |       |       |       |     6 ||     6
       Chain mail        |       |       |       |     5 ||     5
Dodge: Dodged            |   104 |    49 |   164 |   129 ||   446
Block: Buckler           |       |       |       |    46 ||    46

Table legend: (Time is in decaauts)
 A = Elapsed time spent in this place.
 B = Non-inter-level travel time spent in this place.
 C = Inter-level travel time spent in this place.
 D = Time resting spent in this place.
 E = Time spent auto-exploring this place.
 F = Levels seen in this place.
 G = Mean time per level.
                   A        B        C        D        E       F      G
               +--------+--------+--------+--------+--------+-----+--------+
         Total |  14132 |  13303 |    829 |   1893 |   8939 |  13 | 1087.1 |
       Dungeon |  13365 |  12536 |    829 |   1636 |   8775 |  11 | 1215.0 |
        Temple |     45 |     45 |      0 |      0 |      0 |   1 |   45.0 |
        Bailey |    721 |    721 |      0 |    257 |    164 |   1 |  721.0 |
               +--------+--------+--------+--------+--------+-----+--------+

Top non-repeatable levels by time:
     D:9: 2001 daAuts
     D:8: 1575 daAuts
     D:4: 1545 daAuts
    D:10: 1485 daAuts
     D:1: 1186 daAuts
     D:5: 1111 daAuts
     D:2: 998 daAuts
     D:7: 975 daAuts
     D:6: 951 daAuts
    D:11: 817 daAuts
  Bailey: 721 daAuts
     D:3: 717 daAuts
  Temple: 45 daAuts
